 Dungeon Crawl Stone Soup version 0.26-a0-663-g36e8fdb655 (webtiles) character file.

Game seed: 17317371840484128621

252 YayAnonymity the Shield-Bearer (level 6, -2/49 HPs)
             Began as a Formicid Fighter on Oct 11, 2020.
             Killed from afar by Natasha (8 damage)
             ... with a magic dart
             ... on level 3 of the Dungeon.
             The game lasted 00:04:10 (3279 turns).

YayAnonymity the Shield-Bearer (Formicid Fighter)   Turns: 3279, Time: 00:04:10

Health: -2/49      AC:  6    Str: 23    XL:     6   Next: 36%
Magic:  6/6        EV:  8    Int:  7    God:
Gold:   192        SH: 10    Dex: 10    Spells: 5/5 levels left

rFire    . . .     SeeInvis +   a - +1 hand axe (flame)
rCold    . . .     Faith    .   c - +0 kite shield
rNeg     . . .     Spirit   .   b - +0 scale mail
rPois    .         Reflect  .   (helmet unavailable)
rElec    .         Harm     .   (no cloak)
rCorr    .         Rampage  .   (no gloves)
MR       .....                  (no boots)
Stlth    ..........             v - amulet of inaccuracy
HPRegen  0.16/turn              (no ring)
MPRegen  0.10/turn              (no ring)

@: no status effects
A: permanent stasis, dig shafts and tunnels, four strong arms, antennae 3
a: Dig, Shaft Self


You were on level 3 of the Dungeon.
You visited 1 branch of the dungeon, and saw 3 of its levels.

You collected 192 gold pieces.

Inventory:

Hand Weapons
 a - a +1 hand axe of flaming (weapon)
Missiles
 o - 12 poisoned darts (quivered)
Armour
 b - a +0 scale mail (worn)
 c - a +0 kite shield (worn)
Jewellery
 k - a +4 ring of evasion {unknown}
 v - an amulet of inaccuracy (around neck)
Scrolls
 e - a scroll of teleportation {unknown}
 g - 4 scrolls of remove curse
 h - a scroll of fog {unknown}
 j - a scroll of magic mapping {unknown}
 m - a scroll of random uselessness {unknown}
 s - a scroll of enchant armour {unknown}
 t - a scroll of amnesia {unknown}
 u - a scroll of immolation {unknown}
Potions
 d - a potion of might
 f - a potion of heal wounds
 i - a potion of stabbing {unknown}
 l - a potion of ambrosia {unknown}
 n - 2 potions of curing
 q - a potion of brilliance


   Skills:
 + Level 4.6 Fighting
 * Level 4.6 Axes
 - Level 3.2 Armour
 + Level 5.0 Shields


You had 5 spell levels left.
You didn't know any spells.
Your spell library was empty.

Dungeon Overview and Level Annotations

Branches:
Dungeon (3/15)

Altars:
Ashenzari
Uskayaw

Annotations:
D:3 Natasha


Innate Abilities, Weirdness & Mutations

You cannot be hasted, slowed, berserked, paralysed or teleported.
You can dig through walls and to a lower floor.
Your four strong arms can wield two-handed weapons with a shield.
You have a pair of large antennae on your head. (SInv)


Message History

* * * LOW HITPOINT WARNING * * *
You block Natasha's attack.
You closely miss Natasha.
Natasha is heavily wounded.
You barely miss the shadow imp. The shadow imp closely misses you.
Natasha claws you but does no damage.
You closely miss Natasha.
Natasha is heavily wounded.
You closely miss the shadow imp.
The shadow imp hits you but does no damage.
Natasha completely misses you.
You hit Natasha but do no damage.
Natasha is heavily wounded.
You hit the shadow imp. You burn the shadow imp. The shadow imp hits you.
* * * LOW HITPOINT WARNING * * *
Natasha howls an incantation.
Natasha glows brightly for a moment.
Natasha stares at you and mumbles some strange words.
The magic dart hits you!
You die...

*********################
,,,,,,,,,...............#
,,,,,,,,,........######.#
*********#######.#,,,,#.#
#.#,,#.#.#######
***#######.##...#.#.....###
*******,,.......5.....#.#.....'..
,,,,,,*,*#######@#..#.#.#.....###
,,,,,,*,*,*,,,,#h#..#,#.#.....#
,,,,,,*,*,,,,รท,.5.,...#.#[....#
,,,,,,*,*,,,*,.#.######.#.....#
,,,,,,,,*****#.#.#......#.....#
,,,,,,,,*,,,,.,..#.######.....##
,,,,,,,,*,**##,###.####........#
,,,,,,,,*,****,* #....'........#
***,,,,,*,,,,),**#<.###........##


You could see Natasha and 2 shadow imps.

Vanquished Creatures
  A scorpion (D:2)
  Jessica (D:3)
  Natasha (twice) (D:3)
  3 adders (D:2)
  3 oozes (D:1)
  2 worms (D:2)
  A dart slug (D:1)
  6 leopard geckos
  4 orcs (D:3)
  4 giant cockroaches
  7 goblins
  6 hobgoblins
  4 jackals
  9 kobolds
  2 quokkas (D:2)
  2 ball pythons (D:3)
  7 bats
  4 frilled lizards
  10 rats
78 creatures vanquished.

Notes
Turn   | Place    | Note
-------+----------+-------------------------------------------
     0 | D:1      | YayAnonymity the Formicid Fighter began the quest for the
                  | Orb.
     0 | D:1      | Reached XP level 1. HP: 18/18 MP: 1/1
   195 | D:1      | Reached XP level 2. HP: 24/24 MP: 2/2
   386 | D:1      | Reached XP level 3. HP: 28/29 MP: 3/3
   387 | D:1      | Reached skill level 4 in Shields
   967 | D:1      | Reached XP level 4. HP: 34/37 MP: 4/4
  1313 | D:2      | HP: 2/55 [worm (4)]
  1320 | D:2      | Reached XP level 5. HP: 2/42 MP: 5/5
  1320 | D:2      | HP: 1/63 [poisoned by an adder]
  1692 | D:2      | Found a broken altar of Ashenzari.
  2054 | D:3      | Noticed Natasha
  2061 | D:3      | Killed Natasha
  2061 | D:3      | Reached XP level 6. HP: 49/49 MP: 6/6
  2603 | D:3      | Noticed Natasha
  2612 | D:3      | Killed Natasha
  2683 | D:3      | Noticed a +0 hand axe
  2683 | D:3      | Noticed a +0 hand axe
  2685 | D:3      | Found a hide-covered altar of Uskayaw.
  2747 | D:3      | Noticed Jessica
  2749 | D:3      | Killed Jessica
  2749 | D:3      | Reached skill level 5 in Shields
  3249 | D:3      | Noticed Natasha
  3279 | D:3      | Killed from afar by Natasha

Illustrated notes

Levels and vault maps discovered:
D:1:      evilmike_arrival_plus, layout_basic
D:2:      layout_basic, ashenzari_conservatory_becter, minmay_joined_circles
D:3:      layout_basic, dancing_weapons_uskayaw, uniq_jessica, uniq_natasha

Skill      XL: |  1  2  3  4  5  6 |
---------------+-------------------+-----
Shields        | 4 5 |  5.0
Axes           | 3 4 |  4.6
Fighting       | 4 |  4.6
Armour         | |  3.2

Action                   |  1- 3 |  4- 6 || total
-------------------------+-------+-------++-------
Melee: War axe           |    21 |       ||    21
       Hand axe          |    53 |   146 ||   199
Throw: Dart              |       |     4 ||     4
  Use: Potion            |       |     2 ||     2
       Scroll            |       |     7 ||     7
Armor: Scale mail        |    23 |    39 ||    62
       Skin              |       |    15 ||    15
Dodge: Dodged            |    33 |    42 ||    75
Block: Kite shield       |    37 |    69 ||   106

Table legend: (Time is in decaauts)
 A = Elapsed time spent in this place.
 B = Non-inter-level travel time spent in this place.
 C = Inter-level travel time spent in this place.
 D = Time resting spent in this place.
 E = Time spent auto-exploring this place.
 F = Levels seen in this place.
 G = Mean time per level.
                   A        B        C        D        E       F      G
               +--------+--------+--------+--------+--------+-----+--------+
         Total |   3320 |   3244 |     76 |    185 |   2494 |   3 | 1106.7 |
       Dungeon |   3320 |   3244 |     76 |    185 |   2494 |   3 | 1106.7 |
               +--------+--------+--------+--------+--------+-----+--------+

Top non-repeatable levels by time:
     D:3: 1369 daAuts
     D:1: 1149 daAuts
     D:2: 800 daAuts
